AoeStats
← alvaro_j_94

Glade

510904377Analyzed
1v1 RM · 10h ago on Oct 3, 2026· 46m 27s· 2 players
Game mode
Random Map
Map size
Tiny (2 player)
Population
200
Speed
Normal
Resources
Standard
Victory
Conquest
Starting age
Dark Age
Ending age
Imperial Age
RankedLock teamsTeams togetherTeam positionsShared explorationLock speedFull tech treeHidden civsTurbo modeCheats
Victory
Defeat
🇪🇸 Spanish · Spain
311
+13
🇨🇴 Italians · Colombia
235
-13
alvaro_j_94
11:15 Feudal Age
12:33 Wheelbarrow
11:51 Double-Bit Axe
11:50 Horse Collar
12:24 Loom
18:37 Loom
22:20 Forging
22:16 Scale Barding Armor
22:12 Scale Mail Armor
22:03 Fletching
25:12 Castle Age
23:42 Padded Archer Armor
23:34 Fletching
24:17 Bloodlines
25:03 Stone Mining
25:03 Gold Mining
26:20 Hand Cart
26:49 Elite Skirmisher
27:35 Thumb Ring
29:14 Iron Casting
30:56 Husbandry
30:16 Light Cavalry
33:09 Ballistics
36:07 Bodkin Arrow
36:30 Leather Archer Armor
36:31 Chain Mail Armor
40:24 Imperial Age
38:04 Inquisition
41:30 Elite Conquistador
ingenieromecanico1
2:45 Loom
8:54 Feudal Age
9:38 Double-Bit Axe
26:23 Castle Age
25:39 Fletching
25:50 Padded Archer Armor
29:19 Horse Collar
32:28 Crossbowman
33:55 Bodkin Arrow
34:39 Leather Archer Armor
37:09 Fortified Wall
37:28 Heavy Plow
40:38 Imperial Age
Connection lost

Rejoining the realm…

Still unreachable

The connection could not be restored.

Session expired

The server has moved on; the page needs a fresh start.